 Dungeon Crawl Stone Soup version 0.29.1-15-g9cfb28693d (webtiles) character file.

Game seed: 2316283386387116917

2620 Smoke131 the Cleaver (level 9, -2/82 HPs)
             Began as a Hill Orc Fighter on Feb 23, 2023.
             Was a Follower of the Shining One.
             Slain by a red devil
             ... wielding a +0 trident
             ... summoned by an obsidian statue
              (14 damage)
             ... on level 8 of the Dungeon.
             The game lasted 00:21:56 (10134 turns).

Smoke131 the Cleaver (Hill Orc Fighter)            Turns: 10134, Time: 00:21:57

Health: -2/82      AC:  1    Str: 29    XL:     9   Next: 60%
Magic:  9/9        EV:  7    Int:  3    God:    the Shining One [*.....]
Gold:   514        SH: 11    Dex: 17    Spells: 8/8 levels left

rFire   + . .      SeeInvis .   t - +5 hand axe "Exanakeu" {vorpal, rPois rN+ Int-5 Dex+7}
rCold   . . .      Faith    .   j - +0 kite shield {rN+}
rNeg    + + .      Spirit   .   l - +0 chain mail
rPois   +          Reflect  .   (no helmet)
rElec   .          Harm     .   q - +1 cloak
rCorr   .          Rampage  .   (no gloves)
Will    .....                   (no boots)
Stlth   ..........              (no amulet)
HPRegen 0.23/turn               w - +6 ring of strength
MPRegen 0.11/turn               d - ring of protection from fire

@: spiked, corroded, mesmerised, glowing
A: no striking features
a: Renounce Religion, Divine Shield


You were on level 8 of the Dungeon.
You worshipped the Shining One.
The Shining One was aware of your devotion.
You visited 2 branches of the dungeon, and saw 10 of its levels.

You collected 570 gold pieces.
You spent 56 gold pieces at shops.

Inventory:

Hand Weapons
 a - a +1 war axe
 t - the +5 hand axe "Exanakeu" (weapon) {vorpal, rPois rN+ Int-5 Dex+7}
   (You found it on level 6 of the Dungeon)

   It inflicts extra damage upon your enemies.
   Int:       It affects your intelligence (-5).
   Dex:       It affects your dexterity (+7).
   rPois:     It protects you from poison.
   rN:        It protects you from negative energy.
Armour
 j - a +0 kite shield of positive energy (worn)
 l - a +0 chain mail (worn)
 q - a +1 cloak (worn)
Jewellery
 d - a ring of protection from fire (right hand)
 f - a ring of magical power
 m - an amulet of magic regeneration
 n - a ring of ice
 u - a ring of see invisible
 w - a +6 ring of strength (left hand)
Wands
 s - a wand of digging (7)
 y - a wand of iceblast (8)
 z - a wand of light (11)
 B - a wand of polymorph (13)
Scrolls
 c - a scroll of butterflies
 i - a scroll of magic mapping
 k - 2 scrolls of teleportation
 x - 2 scrolls of vulnerability
Potions
 e - a potion of haste
 g - 5 potions of lignification
 h - 4 potions of curing
 o - 2 potions of heal wounds
 p - 2 potions of attraction
 r - a potion of flight
 v - a potion of mutation
 A - a potion of ambrosia
 C - a potion of brilliance {unknown}


   Skills:
 + Level 8.5 Fighting
 + Level 8.8 Axes
 + Level 7.7 Armour
 + Level 7.7 Shields


You had 8 spell levels left.
You didn't know any spells.
Your spell library contained the following spells:

 Spells                   Type           Power      Damage    Failure   Level
 Slow                     Hex            0%         N/A       100%        1
 Blink                    Tloc           0%         N/A       100%        2
 Confusing Touch          Hex            0%         N/A       100%        3
 Lesser Beckoning         Tloc           0%         N/A       100%        3
 Vampiric Draining        Necr           0%         2d6       100%        3
 Petrify                  Tmut/Erth      0%         N/A       100%        4
 Manifold Assault         Tloc           0%         N/A       100%        5
 Metabolic Englaciation   Hex/Ice        0%         N/A       100%        5
 Statue Form              Tmut/Erth      0%         N/A       100%        6


Dungeon Overview and Level Annotations

Branches:
Dungeon (9/15)             Temple (1/1) D:5
   Lair: D:8-11         Orc: D:9-12

Altars:
Ashenzari
Dithmenos
Elyvilon
Fedhas
Gozag
Hepliaklqana
Makhleb
Qazlal
Sif Muna
Trog
Uskayaw
Vehumet
Wu Jian
Xom
Zin
The Shining One

Shops:
D:2 ?   D:3 *   D:8 *

Annotations:
D:8 exclusions: obsidian statue and orange crystal statue


Message History

You closely miss the red devil.
You hit the rust devil but do no damage.
You hit the hellwing but do no damage.
The rust devil disappears in a puff of smoke!
The hellwing hits you! The hellwing hits you. The red devil closely misses you.
The hellwing swoops through the air toward you!
You block the hellwing's attack. The hellwing completely misses you.
You hit the obsidian statue but do no damage.
The obsidian statue is almost destroyed.
You hit the red devil but do no damage. You hit the hellwing but do no damage.
You barely miss the hellwing.
The obsidian statue's eyes glow briefly.
The obsidian statue attempts to bespell you!
You resist with almost no effort. You block the hellwing's attack.
The hellwing hits you.
The red devil hits you with a +0 trident!!
Barbed spikes become lodged in your body.
You block the hellwing's attack. x2
You hit the obsidian statue.
The obsidian statue is almost destroyed.
You barely miss the hellwing. You hit the hellwing but do no damage.
You closely miss the red devil. The hellwing hits you.
You block the hellwing's attack.
The red devil hits you with a +0 trident!
* * * LOW HITPOINT WARNING * * *
Barbed spikes become lodged in your body.
The hellwing hits you.
* * * LOW HITPOINT WARNING * * *
The hellwing barely misses you.
You hit the obsidian statue but do no damage.
The obsidian statue is almost destroyed.
You barely miss the hellwing. x2; You completely miss the red devil.
The obsidian statue's eyes glow briefly.
The obsidian statue attempts to bespell you!
You are mesmerised by the obsidian statue!
The hellwing hits you!
* * * LOW HITPOINT WARNING * * *
The hellwing barely misses you.
The red devil hits you with a +0 trident!
You die...

#####.........##.................
# #.........##..............####
## ##.......####.............#
.###.......[..####...........#
##.##..........# #...>.......#
#............## #...........#
##...........##!##.......##..#
............##..4##.......#..#
............#).8@.####...>...#
............##..44.#........##
....###......##.$........####
....####......##.......###
.....###.......##......#
.......#........##.....####
......##...#.....##.....#.##
......#....##..8.?#........##
............##...###........##


You could see an obsidian statue (mesmerising), 2 hellwings and a red devil
(summoned).

Vanquished Creatures
  A wyvern (D:7)
  2 orc warriors (D:8)
  A water moccasin (D:8)
  An ice beast (D:5)
  3 black bears (D:7)
  A centaur (D:8)
  4 ogres
  A kobold brigand (D:8)
  2 necrophages
  4 scorpions
  3 howler monkeys (D:7)
  A jelly (D:7)
  4 orc priests
  7 hounds
  Crazy Yiuf (D:3)
  Terence (D:2)
  4 iguanas
  3 orc wizards
  10 adders
  3 gnolls (D:4)
  A shadow imp (D:6)
  A white imp (D:5)
  An ufetubus (D:6)
  4 worms (D:2)
  A dart slug (D:4)
  28 orcs
  9 endoplasms
  11 giant cockroaches
  10 goblins
  6 hobgoblins
  15 kobolds
  4 quokkas
  13 ball pythons
  6 bats
  A frilled lizard (D:2)
  4 rats
172 creatures vanquished.

Notes
Turn   | Place    | Note
-------+----------+-------------------------------------------
     0 | D:1      | Smoke131 the Hill Orc Fighter began the quest for the Orb.
     0 | D:1      | Reached XP level 1. HP: 19/19 MP: 1/1
    13 | D:1      | Found a faded altar of an unknown god.
   248 | D:1      | Reached XP level 2. HP: 27/27 MP: 2/2
   689 | D:1      | Reached XP level 3. HP: 28/33 MP: 3/3
   908 | D:1      | You fall into a shaft and drop 1 floor!
  1495 | D:2      | Found Mull's Magic Scroll Boutique.
  1501 | D:2      | Bought a scroll of identify for 28 gold pieces
  1501 | D:2      | Bought a scroll of identify for 28 gold pieces
  1637 | D:2      | Noticed Terence
  1948 | D:2      | Killed Terence
  1949 | D:2      | Reached XP level 4. HP: 27/41 MP: 4/4
  2318 | D:2      | Found a shadowy altar of Dithmenos.
  2729 | D:2      | Reached XP level 5. HP: 47/47 MP: 5/5
  3279 | D:3      | Found a glowing silver altar of Zin.
  3282 | D:3      | Found Zin's Purification Station.
  4065 | D:3      | Found a runed translucent door.
  4066 | D:3      | Noticed Crazy Yiuf
  4071 | D:3      | Killed Crazy Yiuf
  4072 | D:3      | Reached skill level 5 in Fighting
  4072 | D:3      | Reached XP level 6. HP: 46/56 MP: 6/6
  4550 | D:4      | Identified a scroll of acquirement
  4679 | D:4      | Found a shimmering altar of Xom.
  4684 | D:4      | Found a stormy altar of Qazlal.
  5008 | D:4      | Reached skill level 5 in Axes
  5408 | D:4      | Reached skill level 5 in Armour
  5515 | D:5      | Entered Level 5 of the Dungeon
  5557 | D:5      | Found a staircase to the Ecumenical Temple.
  5579 | D:5      | Reached skill level 5 in Shields
  5630 | D:4      | Reached XP level 7. HP: 33/61 MP: 7/7
  6603 | Temple   | Entered the Ecumenical Temple
  6617 | Temple   | Became a worshipper of the Shining One
  6734 | D:4      | Acquired a +0 kite shield of positive energy
  6823 | D:5      | Reached XP level 8. HP: 68/71 MP: 8/8
  7654 | D:6      | Identified the +5 hand axe "Exanakeu" {vorpal, rPois rN+
                  | Int-5 Dex+7}
  7956 | D:6      | Found a bloodstained altar of Trog.
  8731 | D:7      | Noticed a wyvern
  8748 | D:7      | Killed a wyvern
  8749 | D:7      | Reached XP level 9. HP: 80/80 MP: 9/9
  9146 | D:8      | Found a white marble altar of Elyvilon.
  9159 | D:8      | Noticed an obsidian statue
  9176 | D:8      | Noticed an orange crystal statue
  9317 | D:8      | Found Ylekow's Mayhem Merchandise.
  9466 | D:8      | Reached * piety under the Shining One
  9566 | D:8      | Found a blossoming altar of Fedhas.
 10127 | D:8      | Noticed a rust devil
 10127 | D:8      | Noticed a hellwing
 10131 | D:8      | Noticed a red devil
 10131 | D:8      | Noticed a hellwing
 10134 | D:8      | Slain by a red devil

Illustrated notes

Levels and vault maps discovered:
D:1:      dpeg_arrival_radiant, layout_loops_ring,
          ebering_ecumenical_altar_mist, st_stairs_10,
          minmay_misc_feat_ornament, minmay_pentomino_s2
D:2:      layout_loops_corners, basic_altar, serial_shops, shop,
          serial_aquarium, aquarium_bridge_square [aquarium_subvault_window,
          aquarium_subvault_wall, aquarium_subvault_bridge,
          aquarium_subvault_window], aquarium_bridge_square
          [aquarium_subvault_window, aquarium_subvault_bridge,
          aquarium_subvault_bridge, aquarium_subvault_bridge],
          aquarium_window_corridor_3, aquarium_window_fake,
          aquarium_window_fake, aquarium_window_1, aquarium_view_2e,
          aquarium_balcony_5a, aquarium_pool_corner, uniq_terence
D:3:      layout_basic, zin_purify, uniq_crazy_yiuf_cottage
D:4:      nicolae_cairo_tiling, layout_rooms, nicolae_overflow_squiral
D:5:      layout_loops_ring, minmay_temple_entry_mini_moons
D:6:      layout_loops_ring, mainiacjoe_overflow_24_doors
D:7:      layout_basic, serial_park_tiny_1
D:8:      minmay_separated_statues, layout_cave_pools,
          mainiacjoe_overflow_alcove_4, lemuel_tele_altar, minmay_shop_mayhem
D:9:      layout_loops_ring
Temple:   eino_narrow_crystal_temple

Skill      XL: |  1  2  3  4  5  6  7  8  9 |
---------------+----------------------------+-----
Axes           | 3 4 5 6 7 8 |  8.8
Fighting       | 4 5 6 7 8 |  8.5
Armour         | 4 5 6 7 |  7.7
Shields        | 4 5 6 7 |  7.7

Action                   |  1- 3 |  4- 6 |  7- 9 || total
-------------------------+-------+-------+-------++-------
Melee: War axe           |   106 |   225 |   134 ||   465
       Hand axe          |       |       |   145 ||   145
  Use: Potion            |     2 |       |     1 ||     3
       Scroll            |       |    13 |     8 ||    21
Armor: Scale mail        |    49 |   116 |    45 ||   210
       Chain mail        |       |       |    88 ||    88
Dodge: Dodged            |    41 |   109 |    98 ||   248
Block: Buckler           |    21 |    56 |    19 ||    96
       Kite shield       |       |       |   115 ||   115
